 Dungeon Crawl Stone Soup version 0.31.0-9-g3a7656b989 (webtiles) character file.

Game seed: 9608023512095465199

183 qw the Skirmisher (level 5, 0/29 HPs)
             Began as a Deep Elf Hunter on Feb 2, 2024.
             Slain by a ribbon worm (7 damage)
             ... on level 4 of the Dungeon.
             The game lasted 00:00:09 (2277 turns).

qw the Skirmisher (Deep Elf Hunter)                 Turns: 2277, Time: 00:00:09

Health: 0/29       AC:  7    Str:  9 (10) XL:     5   Next: 35%
Magic:  7/7        EV: 11    Int: 11 (14) God:
Gold:   67         SH:  0    Dex: 18      Spells: 4/4 levels left

rFire   . . .        a - +0 shortbow
rCold   . . .        (shield currently unavailable)
rNeg    . . .        e - +0 ring mail
rPois   .            b - +0 helmet
rElec   .            f - +0 cloak
rCorr   .            (no gloves)
SInv    .            (no boots)
Will    +....        (no amulet)
Stlth   +            j - ring of willpower
HPRegen 0.24/turn    (no ring)
MPRegen 0.10/turn

%: no passive effects
@: about to teleport
A: no striking features
a: no special abilities


You were on level 4 of the Dungeon.
You visited 1 branch of the dungeon, and saw 4 of its levels.

You collected 67 gold pieces.


   Skills:
 - Level 1.5 Fighting
 + Level 8.9 Ranged Weapons
 - Level 2.4 Dodging
 - Level 1.2 Stealth


You had 4 spell levels left.
You didn't know any spells.
Your spell library was empty.

Inventory:

Hand Weapons
 a - a +0 shortbow (weapon)
Armour
 b - a +0 helmet (worn)
 e - a +0 ring mail (worn)
 f - a +0 cloak (worn)
Jewellery
 j - a ring of willpower (left hand)
Scrolls
 c - a scroll of teleportation
Potions
 d - a potion of mutation {unknown}
 h - a potion of curing {unknown}

Dungeon Overview and Level Annotations

Branches:
Dungeon (4/15)
 Temple: D:4-7

Altars:


Message History

You shoot an arrow. The arrow barely misses the phantom.
The phantom hits you but does no damage.
You shoot an arrow. The arrow closely misses the phantom.
The phantom hits you. The adder skeleton barely misses you.
The phantom misses you.
You shoot an arrow. The arrow barely misses the phantom.
The adder skeleton barely misses you. The phantom barely misses you.
You shoot an arrow.
The arrow hits the phantom but does no damage.
The phantom is severely damaged.
The phantom closely misses you.
You shoot an arrow. The arrow hits the phantom.
The phantom is almost destroyed.
The phantom completely misses you.
The ribbon worm expels a string of sticky webbing.
The stream of webbing hits you but does no damage.
You are caught in a web!
The web tears apart.
The adder skeleton bites you.
The phantom hits you but does no damage.
You shoot an arrow. The arrow barely misses the phantom.
The ribbon worm bites you. The adder skeleton closely misses you.
The phantom hits you.
You shoot an arrow. The arrow misses the phantom.
The adder skeleton bites you but does no damage.
The ribbon worm bites you.
The phantom hits you but does no damage.
The scorpion zombie barely misses you.
2276 ||| READING 2 scrolls of teleportation.
As you read the scroll of teleportation, it crumbles to dust.
You feel strangely unstable.
The ribbon worm expels a string of sticky webbing.
The stream of webbing hits you but does no damage.
You are caught in a web!
The phantom barely misses you.
The scorpion zombie hits you but does no damage.
The web tears apart.
The phantom misses you.
The scorpion zombie hits you but does no damage.
The endoplasm hits you. The ribbon worm bites you!
You die...

........#....##..#
.#.####.##..........
. #..........#.....
#..##..8....# ####
#...........
#.##...P#####
.......Z.....# .Z##
#.wJZ..#.# .##
###@W....#
#.............
#....####.....
...... .... #....
... #..## .. ##. . #


You could see a phantom, a ribbon worm (catching breath), a scorpion zombie, an
endoplasm and an adder skeleton.

Vanquished Creatures
  A water moccasin skeleton (D:4)
  An iguana (D:4)
  A hound zombie (D:4)
  Robin (D:2)
  3 adders
  A dart slug (D:2)
  3 ball pythons
  3 bats
  4 endoplasms
  A giant cockroach (D:2)
  11 goblins
  10 hobgoblins
  5 kobolds
  2 quokkas (D:2)
  2 frilled lizards (D:3)
  7 rats
56 creatures vanquished.

Notes
Turn   | Place    | Note
-------+----------+-------------------------------------------
     0 | D:1      | qw the Deep Elf Hunter began the quest for the Orb.
     0 | D:1      | Reached XP level 1. HP: 12/12 MP: 3/3
     0 | D:1      | 0 ||| qw: Version: 0.3-a-155-g5e7d8dd
     0 | D:1      | 0 ||| qw: Game counter: 490
     0 | D:1      | 0 ||| qw: Melee chars always use a shield: true
     0 | D:1      | 0 ||| qw: God list: Okawaru
     0 | D:1      | 0 ||| qw: Allow faded altars: false
     0 | D:1      | 0 ||| qw: Do Orc after clearing Dungeon:15 true
     0 | D:1      | 0 ||| qw: Do second Lair branch before Depths: true
     0 | D:1      | 0 ||| qw: Lair rune preference: random
     0 | D:1      | 0 ||| qw: Goals: Normal
     0 | D:1      | 0 ||| PLANNING D:1-11
   151 | D:1      | Reached skill level 6 in Ranged Weapons
   151 | D:1      | Reached XP level 2. HP: 16/16 MP: 4/4
   287 | D:1      | Found a faded altar of an unknown god.
   327 | D:1      | 327 ||| UPGRADING to +0 ring mail.
   337 | D:1      | 337 ||| DROPPING +0 leather armour.
   338 | D:1      | 338 ||| DROPPING ring of magical power.
   339 | D:1      | 339 ||| DRINKING 2 viscous pink potions.
   340 | D:1      | 340 ||| DROPPING scroll of butterflies.
   341 | D:1      | 341 ||| DROPPING potion of invisibility.
   384 | D:2      | 384 ||| FLEEEEING.
   386 | D:2      | 386 ||| FLEEEEING.
   395 | D:2      | Noticed Robin
   407 | D:2      | Killed Robin
   408 | D:2      | Reached XP level 3. HP: 11/20 MP: 5/5
   410 | D:2      | HP: 5/20 [hobgoblin[Robin] (4)]
   415 | D:2      | HP: 4/20 [goblin/+0 dagger[Robin] (3)]
   416 | D:2      | HP: 1/20 [goblin/+0 dagger[Robin] (2)]
   518 | D:2      | Reached skill level 7 in Ranged Weapons
  1325 | D:2      | 1325 ||| UPGRADING to +0 helmet.
  1330 | D:2      | 1330 ||| READING scroll labelled XYSOIRR KOMAUP.
  1335 | D:2      | 1335 ||| READING scroll labelled UDIEQEOKUJ.
  1336 | D:2      | 1336 ||| DRINKING 2 dark potions.
  1337 | D:2      | 1337 ||| DROPPING potion of degeneration.
  1423 | D:3      | Reached XP level 4. HP: 25/25 MP: 6/6
  2097 | D:3      | 2097 ||| UPGRADING to +0 cloak.
  2102 | D:3      | 2102 ||| UPGRADING to ring of willpower.
  2103 | D:3      | 2103 ||| READING 2 scrolls labelled EME GUYZXEMIUGE.
  2104 | D:3      | 2104 ||| READING 2 scrolls labelled MAPYWAT OSAHO.
  2105 | D:3      | 2105 ||| READING scroll labelled QOQINAU UMNU.
  2150 | D:3      | 2150 ||| DROPPING scroll of noise.
  2151 | D:3      | 2151 ||| DROPPING scroll of poison.
  2156 | D:4      | 2156 ||| RETREEEEATING.
  2157 | D:4      | 2157 ||| RETREEEEATING.
  2158 | D:4      | 2158 ||| RETREEEEATING.
  2167 | D:4      | Reached skill level 8 in Ranged Weapons
  2171 | D:4      | Reached XP level 5. HP: 14/29 MP: 7/7
  2256 | D:4      | Noticed a phantom
  2275 | D:4      | HP: 7/29 [ribbon worm (5)]
  2276 | D:4      | 2276 ||| READING 2 scrolls of teleportation.
  2277 | D:4      | Slain by a ribbon worm

Levels and vault maps discovered:
D:1:      onia_arrival_pyramid, layout_rooms, basic_ecumenical_altar
D:2:      layout_loops_corners, uniq_robin
D:3:      layout_basic
D:4:      layout_basic, minmay_temple_entry_offerings, serial_undead,
          serial_undead_a, serial_undead_c, serial_undead_c, serial_undead_a,
          serial_undead_b, serial_undead_a, serial_undead_c, serial_undead_c,
          serial_undead_c, serial_undead_f, grunt_decor_resistance, hex_large,
          minivault_24

Skill      XL: |  1  2  3  4 |
---------------+-------------+-----
Ranged Weapons | 6 7 8 |  8.9
Fighting       | |  1.5
Dodging        | |  2.4
Stealth        | |  1.2

Action                     |  1- 3 |  4- 6 || total
---------------------------+-------+-------++-------
   Fire: Shortbow          |   108 |    71 ||   179
    Use: Potion            |     2 |       ||     2
         Scroll            |     2 |     4 ||     6
 Armour: Ring mail         |    24 |    44 ||    68
         Leather armour    |     6 |       ||     6
  Dodge: Dodged            |    31 |    30 ||    61

Table legend:
 A = Non-vault XP
 B = Vault XP
 C = Vault XP percentage of total XP
 D = Non-vault monster count
 E = Vault monster count
 F = Vault count percentage of total count
                 A         B        C        D         E       F
            +---------+---------+-------+---------+---------+-------
      Total |     143 |     119 |  45.4 |      43 |      13 |  23.2
            +---------+---------+-------+---------+---------+-------
        D:1 |      25 |       0 |   0.0 |      14 |       0 |   0.0
        D:2 |      36 |      34 |  48.6 |      14 |      11 |  44.0
        D:3 |      33 |       0 |   0.0 |      13 |       0 |   0.0
        D:4 |      49 |      85 |  63.4 |       2 |       2 |  50.0
            +---------+---------+-------+---------+---------+-------
